 Dungeon Crawl Stone Soup version 0.19.1 (webtiles) character file.

2220 GordonOverkill the Blocker (level 9, -6/64 HPs)
             Began as a Formicid Abyssal Knight on Nov 30, 2016.
             Was an Elder of Lugonu.
             Mangled by Joseph
             ... wielding a +0 quarterstaff
              (14 damage)
             ... on level 7 of the Dungeon.
             The game lasted 00:19:51 (9464 turns).

GordonOverkill the Blocker (FoAK)                   Turns: 9464, Time: 00:19:51

Health: -6/64      AC: 10    Str: 20    XL:     9   Next: 61%
Magic:  10/10      EV:  5    Int: 12    God:    Lugonu [****..]
Gold:   324        SH: 11    Dex: 10    Spells: 0 memorised, 8 levels left

rFire  . . .     SeeInvis +     D - +0 war axe
rCold  . . .     Gourm    .     H - +0 plate armour
rNeg   . . .     Faith    .     t - +0 shield
rPois  +         Spirit   .     (helmet unavailable)
rElec  .         Reflect  .     (no cloak)
rCorr  .         Harm     .     (no gloves)
MR     .....                    (no boots)
Stlth  ..........               (no amulet)
                                d - ring of teleportation (curse)
                                p - ring of poison resistance

@: very slightly contaminated, heavily drained, invisible
A: permanent stasis, dig shafts and tunnels, four strong arms, antennae 3
a: Dig, Shaft Self, Depart the Abyss, Bend Space, Banish, Corrupt, Renounce
Religion


You were on level 7 of the Dungeon.
You worshipped Lugonu.
Lugonu was greatly pleased with you.
You were not hungry.

You visited 1 branch of the dungeon, and saw 7 of its levels.
You visited the Abyss 1 time.
You also visited: Ossuary.

You collected 467 gold pieces.
You spent 143 gold pieces at shops.

Inventory:

Hand Weapons
 g - a +1 battleaxe
 D - a +0 war axe (weapon)
Armour
 t - a +0 shield (worn)
 y - the +1 ring mail "Paupp" {rPois Regen+ Dex-5}
   (You found it on level 6 of the Dungeon)

   It affects your dexterity (-5).
   It protects you from poison.
   It increases your rate of regeneration.
 H - a +0 plate armour (worn)
Jewellery
 d - a cursed ring of teleportation (right hand)
 p - a ring of poison resistance (left hand)
 w - an uncursed ring of stealth
Wands
 h - a wand of iceblast (11/15)
 i - a wand of flame (16/48)
 o - a wand of lightning (8/15)
Scrolls
 b - 5 scrolls of remove curse
 j - 3 scrolls of enchant weapon
 n - 3 scrolls of magic mapping
 q - 4 scrolls of enchant armour
 B - 2 scrolls of identify
Potions
 a - a potion of cancellation {unknown}
 e - 4 potions of agility {unknown}
 f - 2 potions of flight {unknown}
 k - 5 potions of lignification
 l - 3 potions of curing {unknown}
 m - a potion of ambrosia {unknown}
 s - a potion of resistance {unknown}
 u - 2 potions of berserk rage {unknown}
 x - 4 potions of brilliance {unknown}
 C - 4 potions of might {unknown}
 G - a potion of magic {unknown}
Books
 E - a book of Minor Magic

   Spells                             Type                      Level
   a - Magic Dart                     Conjuration                  1
   b - Blink                          Translocation                2
   c - Call Imp                       Summoning                    2
   d - Repel Missiles                 Charms/Air                   2
   e - Slow                           Hexes                        2
   f - Conjure Flame                  Conjuration/Fire             3
   g - Mephitic Cloud                 Conjuration/Poison/Air       3
Comestibles
 c - 4 bread rations
 r - a fruit


   Skills:
 - Level 3.2(1.9) Fighting
 + Level 9.4(7.7) Axes
 - Level 2.1(0.8) Armour
 - Level 0.8(0.0) Dodging
 + Level 9.4(7.8) Shields
 - Level 2.1(0.8) Invocations


You had 8 spell levels left.
You didn't know any spells.

Dungeon Overview and Level Annotations

Branches:
Dungeon (7/15)             Temple (0/1) D:7

Altars:
Okawaru
Qazlal
Ru
Vehumet
Zin

Shops:
D:4 !

Annotations:
D:7 Joseph; Remedyn's ghost, novice FoFi


Innate Abilities, Weirdness & Mutations

You are under a permanent stasis effect.
You can dig through walls and to a lower floor.
Your four strong arms can wield two-handed weapons with a shield.
You have a pair of large antennae on your head. (SInv)


Message History

You see here a sling bullet.
You hit Joseph but do no damage. You barely miss the quokka.
Joseph unwields an uncursed hunting sling.
Joseph wields an uncursed quarterstaff.
Joseph hits you with an uncursed quarterstaff!
* * * LOW HITPOINT WARNING * * *
The quokka bites you but does no damage.
You slash Joseph!
Joseph is lightly wounded.
You hit the quokka.
You kill the quokka!
Lugonu accepts your kill. Joseph hits you but does no damage.
You slash Joseph!
Joseph is moderately wounded.
Joseph hits you but does no damage.
You hit Joseph.
Joseph is moderately wounded.
Joseph hits you with an uncursed quarterstaff!
You die...

# ######. ###.....#
........##
.........##
..........#
..........##
......@(...#
.......@(..#
........((.######.#
.........(.........
..........(.(......
#..........######..
###..##....####
####........###
##....).......
#....######...


You could see Joseph.

Vanquished Creatures
  An ice beast (D:6)
  An orc warrior (D:7)
  A sky beast (D:6)
  4 ogres
  The ghost of GordonOverkill the Skirmisher, an amateur FoAK of Lugonu (D:6)
  An elf zombie (Ossuary)
  3 bullfrogs
  A scorpion (D:4)
  5 wights (D:7)
  A howler monkey (D:7)
  A centaur zombie (Ossuary)
  5 hounds
  2 orc priests
  A human zombie (Ossuary)
  A bullfrog skeleton (D:7)
  A jelly (D:5)
  A centaur skeleton (D:6)
  An iguana (D:6)
  4 orc wizards
  4 worker ants
  A big kobold zombie (Ossuary)
  A hound skeleton (D:5)
  A hound zombie (Ossuary)
  3 mummies (Ossuary)
  7 gnolls
  8 adders
  2 shadow imps (D:5)
  An ooze (D:2)
  3 adder zombies (Ossuary)
  An adder skeleton (D:7)
  3 worms
  3 dart slugs
  3 leopard geckos
  12 orcs
  8 giant cockroaches
  3 gnoll zombies (Ossuary)
  5 goblins
  6 hobgoblins
  7 jackals
  5 kobolds
  6 quokkas
  2 ball pythons
  4 bats
  8 frilled lizards
  A goblin zombie (Ossuary)
  5 hobgoblin zombies
  5 jackal zombies (Ossuary)
  4 kobold zombies (Ossuary)
  3 orc zombies
  A quokka skeleton (D:5)
  4 quokka zombies (Ossuary)
  2 rats
  2 rat zombies (Ossuary)
  A plant (D:1)
171 creatures vanquished.

Notes
Turn   | Place    | Note
-------+----------+-------------------------------------------
     0 | Abyss:1  | GordonOverkill the Formicid Abyssal Knight began the quest for the Orb.
     0 | Abyss:1  | Reached XP level 1. HP: 18/18 MP: 2/2
    13 | Abyss:1  | Found a corrupted altar of Lugonu.
   151 | Abyss:1  | Noticed a large abomination
   152 | D:1      | Escaped the Abyss
   306 | D:1      | Reached XP level 2. HP: 24/24 MP: 3/3
   399 | D:1      | Reached * piety under Lugonu
   715 | D:1      | Reached XP level 3. HP: 27/29 MP: 4/4
  1198 | D:2      | Found a sacrificial altar of Ru.
  1356 | D:2      | Reached XP level 4. HP: 35/35 MP: 5/5
  2630 | D:3      | Reached skill level 1 in Shields
  2965 | D:4      | Reached XP level 5. HP: 15/41 MP: 6/6
  3296 | D:4      | Reached skill level 5 in Axes
  3580 | D:4      | Noticed an ogre
  3658 | D:3      | Reached XP level 6. HP: 30/47 MP: 7/7
  3775 | D:4      | Killed an ogre
  3834 | D:4      | Reached ** piety under Lugonu
  3909 | D:4      | Noticed an ogre
  3920 | D:4      | Killed an ogre
  3920 | D:4      | Reached XP level 7. HP: 19/52 MP: 8/8
  4213 | D:4      | Found Nustunk's Distillery.
  4219 | D:4      | Bought a potion of heal wounds for 55 gold pieces
  4219 | D:4      | Bought a potion of invisibility for 88 gold pieces
  4336 | D:4      | Found a radiant altar of Vehumet.
  4519 | D:5      | Entered Level 5 of the Dungeon
  4519 | D:5      | Found an iron altar of Okawaru.
  4547 | D:5      | Found a sacrificial altar of Ru.
  4608 | D:5      | Found a stormy altar of Qazlal.
  4716 | D:5      | Found a sand-covered staircase.
  4735 | Ossuary  | Entered an ossuary
  5035 | Ossuary  | Reached skill level 5 in Shields
  5101 | Ossuary  | Reached *** piety under Lugonu
  5271 | Ossuary  | Reached XP level 8. HP: 55/58 MP: 9/9
  5346 | D:5      | Found a glowing silver altar of Zin.
  6094 | D:6      | Got a jewelled ring mail
  6255 | D:6      | Identified the +1 ring mail "Paupp" {rPois Regen+ Dex-5} (You found it on level 6 of the Dungeon)
  6606 | D:6      | Noticed GordonOverkill's ghost (amateur FoAK)
  6760 | D:7      | Reached XP level 9. HP: 34/64 MP: 10/10
  7235 | D:7      | Noticed Joseph
  7236 | D:7      | Reached **** piety under Lugonu
  7241 | D:7      | Noticed Remedyn's ghost (novice FoFi)
  7699 | D:6      | Killed GordonOverkill's ghost
  8545 | D:7      | Found a staircase to the Ecumenical Temple.
  9464 | D:7      | Mangled by Joseph

Skill      XL: |  1  2  3  4  5  6  7  8  9 |
---------------+----------------------------+-----
Axes           | 3 4 5 6 8 9 |  9.4
Shields        | 2 4 5 7 9 |  9.4
Fighting       | |  3.2
Armour         | |  2.1
Dodging        | |  0.8
Invocations    | |  2.1

Action                   |  1- 3 |  4- 6 |  7- 9 || total
-------------------------+-------+-------+-------++-------
Melee: Hand axe          |   119 |   148 |   405 ||   672
       War axe           |       |       |   232 ||   232
Invok: Depart the Abyss  |     1 |       |       ||     1
       Bend Space        |       |       |     1 ||     1
 Abil: Dig               |       |       |     1 ||     1
Evoke: Wand              |       |     3 |     5 ||     8
  Use: Scroll            |       |     8 |     4 ||    12
       Potion            |       |       |     4 ||     4
  Eat: Chunk             |     2 |     8 |    12 ||    22
       Royal jelly       |       |       |     1 ||     1
       Fruit             |       |       |     1 ||     1
       Beef jerky        |       |       |     1 ||     1
       Meat ration       |       |       |     1 ||     1
Armor: Leather armour    |     2 |       |       ||     2
       Ring mail         |    31 |    41 |     3 ||    75
       Chain mail        |       |       |   196 ||   196
       Plate armour      |       |       |    12 ||    12
Dodge: Dodged            |    53 |    44 |   134 ||   231
Block: Shield            |       |    44 |   302 ||   346
